 Dungeon Crawl Stone Soup version 0.28-a0-305-g9e858e973b (webtiles) character file.

Game seed: 16944165898718685170

199 bande the Covered (level 5, -2/33 HPs)
             Began as a Gargoyle Fighter on Aug 29, 2021.
             Slain by Edmund (7 damage)
             ... on level 4 of the Dungeon.
             The game lasted 00:05:39 (3856 turns).

bande the Covered (Gargoyle Fighter)                Turns: 3856, Time: 00:05:39

Health: -2/33      AC: 13    Str: 19    XL:     5   Next: 77%
Magic:  5/5        EV:  5    Int:  9    God:
Gold:   64         SH: 13    Dex: 10    Spells: 3/4 levels left

rFire   . . .      SeeInvis .   a - +1 war axe (vorpal)
rCold   . . .      Faith    .   c - +1 kite shield
rNeg    + . .      Spirit   .   g - +0 chain mail
rPois   ∞          Reflect  .   (helmet restricted)
rElec   +          Harm     .   (no cloak)
rCorr   .          Rampage  .   (no gloves)
Will    .....      Rnd*Rage +   (no boots)
Stlth   ..........              (no amulet)
HPRegen 0.11/turn               (no ring)
MPRegen 0.09/turn               (no ring)

@: no status effects
A: sickness immunity, AC +4, negative energy resistance 1, electricity
resistance, torment resistance 1, petrification resistance, antennae 1, large
bone plates 1, berserk 1
a: no special abilities


You were on level 4 of the Dungeon.
You visited 1 branch of the dungeon, and saw 4 of its levels.

You collected 64 gold pieces.

Inventory:

Hand Weapons
 a - a +1 vorpal war axe (weapon)
Missiles
 e - a throwing net (quivered)
Armour
 c - a +1 kite shield (worn)
 g - a +0 chain mail (worn)
Scrolls
 f - a scroll of enchant weapon
Potions
 b - a potion of curing
 d - a potion of might
 k - 2 potions of haste


   Skills:
 + Level 4.2 Fighting
 + Level 3.0 Axes
 + Level 4.5 Armour
 + Level 4.3 Shields
 * Level 0.6 Translocations


You had 3 spell levels left.
You knew the following spells:

 Your Spells              Type           Power      Damage    Failure   Level
a - Apportation           Tloc           2%         N/A       100%        1

Your spell library contained the following spells:

 Spells                   Type           Power      Damage    Failure   Level
 Alistair's Intoxication  Tmut/Pois      0%         N/A       100%        5
 Invisibility             Hex            0%         N/A       100%        6


Dungeon Overview and Level Annotations

Branches:
Dungeon (4/15)
 Temple: D:4-7

Altars:
Fedhas
Okawaru
Vehumet

Annotations:
D:4 Edmund


Innate Abilities, Weirdness & Mutations

You are immune to sickness and miasma.
Your stone body is resilient. (AC +4)
You are immune to poison.
You resist negative energy. (rN+)
You are resistant to electric shocks. (rElec)
You are resistant to unholy torment.
You are immune to petrification.
You have a pair of small antennae on your head.
You are partially covered in large bone plates. (SH +4)
You tend to lose your temper in combat.


Message History

The gnoll is moderately wounded.
You slash Edmund! You block the gnoll's attack. Edmund barely misses you.
Unknown command.
You hit the gnoll.
The gnoll is heavily wounded.
You hit Edmund but do no damage. The gnoll hits you with a +0 spear.
You block Edmund's attack. You block the gnoll's attack.
Edmund hits you with a +2 dire flail of protection.
You slash the gnoll!
You kill the gnoll!
You hit Edmund but do no damage. You block Edmund's attack.
Unknown command.
Edmund says, "People will remember me!
They'll remember me and die!"
You block Edmund's attack.
Things that are here:
a +0 spear; a gnoll corpse You hit Edmund but do no damage.
Edmund is heavily wounded.
You block Edmund's attack. Edmund hits you but does no damage.
You hit Edmund but do no damage.
Edmund is heavily wounded.
Edmund hits you with a +2 dire flail of protection.
You block Edmund's attack.
You closely miss Edmund.
Edmund is heavily wounded.
You block Edmund's attack.
You closely miss Edmund.
Edmund is heavily wounded.
You block Edmund's attack.
Edmund hits you with a +2 dire flail of protection!
* * * LOW HITPOINT WARNING * * *
You closely miss Edmund.
Edmund is heavily wounded.
Edmund hits you with a +2 dire flail of protection.
* * * LOW HITPOINT WARNING * * *
You barely miss Edmund.
Edmund is heavily wounded.
You block Edmund's attack.
Edmund hits you with a +2 dire flail of protection!
You die...

#... ##.####
#...###.....### ###
#............### ##
##..###.........#...###.
#....#...............#..
#.......#.......#....).<
........#!.<....########
.........)†....##
#...@).....##
#.$.@.?........
#................
#..$..............
...................
..............###..
...##........## ##.
...##.....


You could see Edmund.

Vanquished Creatures
  A howler monkey zombie (D:4)
  5 adders
  7 gnolls
  A worm (D:3)
  3 dart slugs
  4 orcs
  4 ball pythons
  3 bats
  5 endoplasms
  9 goblins
  3 hobgoblins
  3 jackals (D:2)
  A quokka (D:3)
  4 frilled lizards
  8 kobolds
  8 rats
69 creatures vanquished.

Vanquished Creatures (others)
  An orc (D:3)
  A ball python (D:3)
2 creatures vanquished.

Grand Total: 71 creatures vanquished

Notes
Turn   | Place    | Note
-------+----------+-------------------------------------------
     0 | D:1      | bande the Gargoyle Fighter began the quest for the Orb.
     0 | D:1      | Reached XP level 1. HP: 14/14 MP: 1/1
   493 | D:1      | Reached XP level 2. HP: 19/19 MP: 2/2
  1175 | D:1      | Reached XP level 3. HP: 23/23 MP: 3/3
  1468 | D:2      | Found a faded altar of an unknown god.
  1655 | D:2      | Reached XP level 4. HP: 7/29 MP: 4/4
  2914 | D:3      | Reached XP level 5. HP: 33/33 MP: 5/5
  2916 | D:3      | Found a radiant altar of Vehumet.
  3268 | D:3      | Gained mutation: You are partially covered in large bone
                  | plates. (SH +4) [potion of mutation]
  3268 | D:3      | Gained mutation: You tend to lose your temper in combat.
                  | [potion of mutation]
  3268 | D:3      | Gained mutation: You have a pair of small antennae on your
                  | head. [potion of mutation]
  3276 | D:3      | Found a large runed translucent door.
  3276 | D:3      | Found a large runed translucent door.
  3608 | D:3      | Learned a level 1 spell: Apportation
  3729 | D:3      | Found an iron altar of Okawaru.
  3743 | D:3      | Found a blossoming altar of Fedhas.
  3841 | D:4      | Noticed Edmund
  3856 | D:4      | Slain by Edmund

Illustrated notes

Levels and vault maps discovered:
D:1:      saegor_arrival_simple_c, layout_basic
D:2:      layout_basic, ebering_ecumenical_altar_webs, minivault_25
D:3:      layout_basic, fiery_altar_vehumet, jmf_multi_god_temple2
D:4:      layout_cave_pools, nicolae_ru_the_path_less_chosen, minmay_bent,
          uniq_edmund, uniq_crazy_yiuf_cottage

Skill      XL: |  1  2  3  4  5 |
---------------+----------------+-----
Axes           | 2 3 |  3.0
Armour         | 4 |  4.5
Shields        | 4 |  4.3
Fighting       | 4 |  4.2
Translocations | |  0.6

Action                   |  1- 3 |  4- 6 || total
-------------------------+-------+-------++-------
Melee: War axe           |    90 |   101 ||   191
  Use: Potion            |     2 |     5 ||     7
       Scroll            |     2 |     3 ||     5
Armor: Scale mail        |     2 |       ||     2
       Chain mail        |    57 |    51 ||   108
Dodge: Dodged            |    16 |    14 ||    30
Block: Kite shield       |    45 |    73 ||   118

Table legend: (Time is in decaauts)
 A = Elapsed time spent in this place.
 B = Non-inter-level travel time spent in this place.
 C = Inter-level travel time spent in this place.
 D = Time resting spent in this place.
 E = Time spent auto-exploring this place.
 F = Levels seen in this place.
 G = Mean time per level.
                   A        B        C        D        E       F      G
               +--------+--------+--------+--------+--------+-----+--------+
         Total |   3982 |   3962 |     20 |    792 |   2471 |   4 |  995.5 |
       Dungeon |   3982 |   3962 |     20 |    792 |   2471 |   4 |  995.5 |
               +--------+--------+--------+--------+--------+-----+--------+

Top non-repeatable levels by time:
     D:1: 1430 daAuts
     D:3: 1362 daAuts
     D:2: 1108 daAuts
     D:4: 81 daAuts
